 Dungeon Crawl Stone Soup version 0.22.1-1-ga44c0e5 (webtiles) character file.

333 Autsider the Magician (level 6, -3/44 HPs)
             Began as a Gnoll Wizard on Sept 25, 2018.
             Killed from afar by an orc wizard (14 damage)
             ... with a puff of flame
             ... on level 4 of the Dungeon.
             The game lasted 00:10:15 (3167 turns).

Autsider the Magician (Gnoll Wizard)                Turns: 3167, Time: 00:10:16

Health: -3/44      AC:  3    Str: 15    XL:     6   Next: 53%
Magic:  16/16      EV: 14    Int: 22    God:
Gold:   218        SH:  0    Dex: 13    Spells: 8/19 levels left

rFire    . . .     SeeInvis .   l - +0 spear
rCold    . . .     Gourm    .   (no shield)
rNeg     . . .     Faith    .   a - +0 robe
rPois    .         Spirit   .   s - +0 helmet
rElec    .         Reflect  .   (no cloak)
rCorr    .         Harm     .   (no gloves)
MR       .....                  (no boots)
Stlth    ++........             p - amulet of regeneration
HPRegen  0.54/turn              t - ring of attention
MPRegen  0.15/turn              (no ring)

@: mighty, flying
A: distributed training, fangs 1, strong nose
a: no special abilities


You were on level 4 of the Dungeon.
You were not hungry.

You visited 1 branch of the dungeon, and saw 4 of its levels.

You collected 218 gold pieces.

Inventory:

Hand Weapons
 l - a +0 spear (weapon)
 r - a +1 mace of holy wrath
Missiles
 e - 19 bolts
 f - 46 stones (quivered)
 g - 50 sling bullets
 j - 22 arrows
Armour
 a - a +0 robe (worn)
 b - a +0 hat
 s - a +0 helmet (worn)
Jewellery
 p - an amulet of regeneration (around neck)
 t - a ring of attention (left hand)
Scrolls
 h - a scroll of enchant weapon {unknown}
 i - 5 scrolls of remove curse
 n - 2 scrolls of noise {unknown}
 o - 3 scrolls of identify {unknown}
Comestibles
 d - 8 rations


   Skills:
 + Level 2.0 Fighting
 + Level 2.0 Short Blades
 + Level 2.0 Long Blades
 + Level 2.0 Axes
 + Level 2.0 Maces & Flails
 + Level 2.0 Polearms
 + Level 2.0 Staves
 + Level 2.0 Slings
 + Level 2.0 Bows
 + Level 2.0 Crossbows
 + Level 2.0 Throwing
 + Level 2.0 Armour
 + Level 5.0 Dodging
 + Level 4.6 Stealth
 + Level 2.0 Shields
 + Level 2.0 Unarmed Combat
 + Level 7.4 Spellcasting
 + Level 2.6 Conjurations
 + Level 1.5 Hexes
 + Level 1.5 Charms
 + Level 2.6 Summonings
 + Level 1.5 Necromancy
 + Level 2.6 Translocations
 + Level 1.5 Transmutations
 + Level 1.5 Fire Magic
 + Level 1.5 Ice Magic
 + Level 1.5 Air Magic
 + Level 1.5 Earth Magic
 + Level 1.5 Poison Magic
 + Level 2.1 Invocations
 + Level 2.0 Evocations


You had 8 spell levels left.
You knew the following spells:

 Your Spells              Type           Power        Failure   Level  Hunger
a - Magic Dart            Conj           ###.         2%          1    None
b - Blink                 Tloc           N/A          4%          2    None
c - Call Imp              Summ           ###.....     4%          2    None
d - Conjure Flame         Conj/Fire      ###.....     10%         3    None
e - Mephitic Cloud        Conj/Pois/Air  ###.....     11%         3    None

Your spell library contained the following spells:

 Spells                   Type           Power        Failure   Level  Hunger
 Slow                     Hex            ###.....     6%          2    None


Dungeon Overview and Level Annotations

Branches:
Dungeon (4/15)
 Temple: D:4-7

Altars:
Ru


Innate Abilities, Weirdness & Mutations

Your experience applies equally to all skills.
You have very sharp teeth.
Your uncanny sense of smell can sniff out nearby items.


Message History

The orc wizard hits you with a dagger. Something hits you but does no damage.
You barely miss something. The orc wizard hits you with a dagger.
* * * LOW HITPOINT WARNING * * *
Something hits you.
* * * LOW HITPOINT WARNING * * *
You barely miss the orc wizard. You bite the orc wizard.
The orc wizard is severely wounded.
The orc wizard closely misses you. Something hits you.
* * * LOW HITPOINT WARNING * * *
You miss something. The orc wizard casts a spell at you.
You resist with some effort.
You hear some strange, mumbled words.
A puff of flame appears from out of thin air!
The puff of flame misses you.
You hit the orc wizard.
The orc wizard is severely wounded.
The orc wizard points at you and mumbles some strange words.
The puff of flame hits you!
You die...

######..#####+#
#.[...........#∆
#.............########
#...##........##.....##
#... #....)....+......#
#.. #....##..##......#
#. #######..##.....##
#o{##.....##
#.@........#
#..##......#
##..##.....##
....##.....##
#............#
#............#
##...##......#
#...##.....##
....##.....##


You could see an orc wizard.

Vanquished Creatures
  An ogre (D:4)
  A phantom (D:2)
  An iguana (D:2)
  Robin (D:2)
  2 adders (D:4)
  An ooze (D:1)
  2 worms
  2 dart slugs (D:1)
  4 leopard geckos
  3 orcs
  6 giant cockroaches
  13 hobgoblins
  8 jackals (D:1)
  A quokka (D:2)
  9 bats
  6 frilled lizards
  15 goblins
  7 kobolds
  8 rats
91 creatures vanquished.

Notes
Turn   | Place    | Note
-------+----------+-------------------------------------------
     0 | D:1      | Autsider the Gnoll Wizard began the quest for the Orb.
     0 | D:1      | Reached XP level 1. HP: 13/13 MP: 8/8
   111 | D:1      | Reached XP level 2. HP: 9/20 MP: 1/10
   357 | D:1      | Reached XP level 3. HP: 23/25 MP: 2/11
   709 | D:1      | Reached skill level 1 in Invocations
  1059 | D:2      | Learned a level 2 spell: Blink
  1062 | D:2      | Learned a level 2 spell: Call Imp
  1066 | D:2      | Learned a level 3 spell: Conjure Flame
  1070 | D:2      | Learned a level 3 spell: Mephitic Cloud
  1076 | D:2      | Reached skill level 1 in Fighting
  1076 | D:2      | Reached skill level 1 in Short Blades
  1076 | D:2      | Reached skill level 1 in Long Blades
  1076 | D:2      | Reached skill level 1 in Axes
  1076 | D:2      | Reached skill level 1 in Maces & Flails
  1076 | D:2      | Reached skill level 1 in Polearms
  1076 | D:2      | Reached skill level 1 in Staves
  1076 | D:2      | Reached skill level 1 in Slings
  1076 | D:2      | Reached skill level 1 in Bows
  1076 | D:2      | Reached skill level 1 in Crossbows
  1076 | D:2      | Reached skill level 1 in Throwing
  1076 | D:2      | Reached skill level 1 in Armour
  1076 | D:2      | Reached skill level 1 in Shields
  1076 | D:2      | Reached skill level 1 in Unarmed Combat
  1076 | D:2      | Reached skill level 1 in Evocations
  1139 | D:2      | Reached XP level 4. HP: 30/32 MP: 13/13
  1363 | D:2      | Noticed a phantom
  1407 | D:2      | Killed a phantom
  1407 | D:2      | Reached skill level 1 in Hexes
  1407 | D:2      | Reached skill level 1 in Charms
  1407 | D:2      | Reached skill level 1 in Necromancy
  1407 | D:2      | Reached skill level 1 in Transmutations
  1407 | D:2      | Reached skill level 1 in Fire Magic
  1407 | D:2      | Reached skill level 1 in Ice Magic
  1407 | D:2      | Reached skill level 1 in Air Magic
  1407 | D:2      | Reached skill level 1 in Earth Magic
  1407 | D:2      | Reached skill level 1 in Poison Magic
  1407 | D:2      | Reached XP level 5. HP: 24/37 MP: 0/14
  1515 | D:2      | Noticed Robin
  1545 | D:2      | Killed Robin
  2415 | D:3      | Found a sacrificial altar of Ru.
  2616 | D:3      | Reached XP level 6. HP: 44/44 MP: 16/16
  2973 | D:4      | Reached skill level 5 in Dodging
  3167 | D:4      | Killed from afar by an orc wizard

Skill      XL: |  1  2  3  4  5  6 |
---------------+-------------------+-----
Conjurations   | 2 |  2.6
Summonings     | 2 |  2.6
Translocations | 2 |  2.6
Invocations    | 1 2 |  2.1
Fighting       | 1 2 |  2.0
Short Blades   | 1 2 |  2.0
Long Blades    | 1 2 |  2.0
Axes           | 1 2 |  2.0
Maces & Flails | 1 2 |  2.0
Polearms       | 1 2 |  2.0
Staves         | 1 2 |  2.0
Slings         | 1 2 |  2.0
Bows           | 1 2 |  2.0
Crossbows      | 1 2 |  2.0
Throwing       | 1 2 |  2.0
Armour         | 1 2 |  2.0
Shields        | 1 2 |  2.0
Unarmed Combat | 1 2 |  2.0
Evocations     | 1 2 |  2.0
Hexes          | 1 |  1.5
Charms         | 1 |  1.5
Necromancy     | 1 |  1.5
Transmutations | 1 |  1.5
Fire Magic     | 1 |  1.5
Ice Magic      | 1 |  1.5
Air Magic      | 1 |  1.5
Earth Magic    | 1 |  1.5
Poison Magic   | 1 |  1.5
Dodging        | 5 |  5.0
Stealth        | |  4.6
Spellcasting   | |  7.4

Action                   |  1- 3 |  4- 6 || total
-------------------------+-------+-------++-------
Melee: Dagger            |    61 |       ||    61
       Bite              |    11 |     7 ||    18
       Spear             |     9 |   191 ||   200
       Punch             |     1 |     1 ||     2
 Cast: Magic Dart        |    70 |    67 ||   137
       Conjure Flame     |       |     1 ||     1
       Mephitic Cloud    |       |     1 ||     1
  Use: Potion            |       |     3 ||     3
       Scroll            |       |     1 ||     1
 Stab: Sleeping          |       |    11 ||    11
  Eat: Chunk             |     1 |     6 ||     7
Armor: Robe              |    10 |    37 ||    47
Dodge: Dodged            |    62 |   129 ||   191
